 Dungeon Crawl Stone Soup version 0.31-a0-193-gdfe2569204 (webtiles) character file.

Game seed: 14778810794005660417

19 qw the Shooter (level 2, -4/16 HPs)
             Began as a Deep Elf Hunter on June 23, 2023.
             Killed from afar by Natasha (12 damage)
             ... with a magic dart
             ... on level 2 of the Dungeon.
             The game lasted 00:00:16 (1040 turns).

qw the Shooter (Deep Elf Hunter)                    Turns: 1040, Time: 00:00:17

Health: -4/16      AC:  0    Str:  8    XL:     2   Next: 55%
Magic:  4/4        EV: 15    Int: 13    God:
Gold:   24         SH:  0    Dex: 18    Spells: 1/1 levels left

rFire   . . .        Y - melded +0 shortbow
rCold   . . .        (shield currently unavailable)
rNeg    . . .        i - melded +0 ring mail
rPois   .            (helmet currently unavailable)
rElec   .            j - melded +0 cloak
rCorr   .            (gloves currently unavailable)
SInv    .            (boots currently unavailable)
Will    .....        (no amulet)
Stlth   ++           d - melded ring of poison resistance
HPRegen 0.22/turn    (ring currently unavailable)
MPRegen 0.09/turn

%: no passive effects
@: pig-form, very quick
A: fast, no casting, small
a: no special abilities


You were on level 2 of the Dungeon.
You were a filthy swine.
You visited 1 branch of the dungeon, and saw 2 of its levels.

You collected 24 gold pieces.


   Skills:
 - Level 1.5 Fighting
 + Level 6.3 Ranged Weapons
 - Level 2.4 Dodging
 - Level 1.2 Stealth


You had one spell level left.
You didn't know any spells.
Your spell library was empty.

Inventory:

Hand Weapons
 Y - a +0 shortbow (melded)
Armour
 i - a +0 ring mail (melded)
 j - a +0 cloak (melded)
Jewellery
 d - a ring of poison resistance (melded)
Scrolls
 a - 2 scrolls of teleportation
 b - a scroll of enchant weapon {unknown}
Potions
 e - a potion of berserk rage {unknown}
 l - a potion of magic {unknown}

Dungeon Overview and Level Annotations

Branches:
Dungeon (2/15)

Altars:

Annotations:
D:2 Natasha


Message History

The arrow hits the worm but does no damage.
The worm is heavily wounded.
The worm bites you but does no damage.
You shoot an arrow. The arrow hits the worm.
The worm is severely wounded.
The worm closely misses you.
You shoot an arrow. The arrow hits the worm.
The worm is severely wounded.
The worm barely misses you.
You shoot an arrow. The arrow hits the worm.
The worm is almost dead.
You shoot an arrow.
The arrow hits the worm but does no damage.
The worm is almost dead.
The worm bites you but does no damage.
You shoot an arrow. The arrow hits the worm.
You kill the worm!
You see here a worm corpse.
b - a scroll labelled RUM KAOCWANEASM Natasha, Servant of Life and Death comes into view.
She is carrying a wand of polymorph (6).
You shoot an arrow. The arrow hits Natasha.
Natasha hisses angrily.
Natasha is moderately wounded.
Natasha zaps a wand.
You resist with significant effort.
You shoot an arrow. The arrow closely misses Natasha.
You shoot an arrow. The arrow closely misses Natasha.
Natasha zaps a wand.
You turn into a filthy swine.
Your +0 shortbow melds into your body.
Your +0 cloak melds into your body.
Your +0 ring mail melds into your body.
Your ring of poison resistance melds into your body.
Natasha casts a spell at you. The magic dart hits you!
Ouch! That really hurt!
Natasha wildly gestures.
You feel disoriented.
Natasha mumbles some strange words.
Natasha casts a spell at you. The magic dart hits you!
Ouch! That really hurt!
You die...

#.....######.###
#...[.# ###.######
#.....####.........
#........#.........
#.....##..%........
#.%...####.........
#.....# #.........
#...<.# #.........
####### #.h.h.....
#.....5...
##########


You could see Natasha and a cerulean imp (summoned).

Vanquished Creatures
  A worm (D:2)
  A dart slug (D:1)
  2 endoplasms (D:1)
  2 hobgoblins (D:1)
  A quokka (D:1)
  A bat (D:1)
  2 goblins (D:1)
  3 kobolds (D:1)
  A rat (D:2)
14 creatures vanquished.

Notes
Turn   | Place    | Note
-------+----------+-------------------------------------------
     0 | D:1      | qw the Deep Elf Hunter began the quest for the Orb.
     0 | D:1      | Reached XP level 1. HP: 12/12 MP: 3/3
     0 | D:1      | 0 ||| qw: Version: 0.3-a-9-g12657ce
     0 | D:1      | 0 ||| qw: Game counter: 4638
     0 | D:1      | 0 ||| qw: Always use a shield: true
     0 | D:1      | 0 ||| qw: God list: Okawaru
     0 | D:1      | 0 ||| qw: Allow faded altars: false
     0 | D:1      | 0 ||| qw: Do Orc after D:15 true
     0 | D:1      | 0 ||| qw: Do second Lair branch before Depths: true
     0 | D:1      | 0 ||| qw: Lair rune preference: random
     0 | D:1      | 0 ||| qw: Plans: Normal
     0 | D:1      | 0 ||| PLANNING D:1-11
   102 | D:1      | Reached XP level 2. HP: 16/16 MP: 4/4
   115 | D:1      | Reached skill level 6 in Ranged Weapons
   896 | D:1      | 896 ||| UPGRADING to +0 ring mail.
   906 | D:1      | 906 ||| DROPPING +0 leather armour.
   907 | D:1      | 907 ||| UPGRADING to +0 cloak.
   912 | D:1      | 912 ||| UPGRADING to ring of poison resistance.
   913 | D:1      | 913 ||| DROPPING ring of flight.
   914 | D:1      | 914 ||| READING 3 scrolls labelled EHEYQU WOWANG.
   919 | D:1      | 919 ||| READING scroll labelled XAL LENYCS.
   920 | D:1      | 920 ||| READING scroll labelled SIWABRA TIWULAARGH.
   921 | D:1      | 921 ||| READING scroll labelled EHENIP GAICKE.
   922 | D:1      | 922 ||| DROPPING scroll of butterflies.
   970 | D:2      | 970 ||| STAIRDANCE
  1032 | D:2      | Noticed Natasha
  1040 | D:2      | Killed from afar by Natasha

Levels and vault maps discovered:
D:1:      dpeg_arrival_houses_and_road, layout_basic
D:2:      layout_rooms, basic_altar, minmay_misc_feat_roman, uniq_natasha,
          uniq_sigmund

Skill      XL: |  1  2 |
---------------+-------+-----
Ranged Weapons | 6 |  6.3
Fighting       | |  1.5
Dodging        | |  2.4
Stealth        | |  1.2

Action                     || total
---------------------------++-------
   Fire: Shortbow          ||    46
    Use: Scroll            ||     4
 Armour: Ring mail         ||     4
  Dodge: Dodged            ||     8

Table legend:
 A = Non-vault XP
 B = Vault XP
 C = Vault XP percentage of total XP
 D = Non-vault monster count
 E = Vault monster count
 F = Vault count percentage of total count
                 A         B        C        D         E       F
            +---------+---------+-------+---------+---------+-------
      Total |      28 |       0 |   0.0 |      14 |       0 |   0.0
            +---------+---------+-------+---------+---------+-------
        D:1 |      22 |       0 |   0.0 |      12 |       0 |   0.0
        D:2 |       6 |       0 |   0.0 |       2 |       0 |   0.0
            +---------+---------+-------+---------+---------+-------
